 Dungeon Crawl Stone Soup version 0.20.0-15-g7f486f2 (webtiles) character file.

133 Chiseanne the Skirmisher (level 4, 0/39 HPs)
             Began as a Demonspawn Wanderer on June 30, 2017.
             Slain by a gnoll zombie (5 damage)
             ... in an ossuary.
             The game lasted 00:08:51 (3110 turns).

Chiseanne the Skirmisher (Demonspawn Wanderer)      Turns: 3110, Time: 00:08:52

Health: 0/39       AC:  4    Str: 12    XL:     4   Next: 93%
Magic:  0/4        EV: 12    Int: 14    God:
Gold:   153        SH:  0    Dex: 13    Spells: 3/3 levels left

rFire    . . .     SeeInvis .   u - +0 quarterstaff
rCold    . . .     Gourm    .   (shield currently unavailable)
rNeg     . . .     Faith    .   a - +0 leather armour (curse)
rPois    .         Spirit   +   (no helmet)
rElec    .         Reflect  .   k - +0 cloak
rCorr    .         Harm     .   (no gloves)
MR       .....                  (no boots)
Stlth    +.........             (no amulet)
Regen    0.2/turn               (no ring)
MPRegen  0.2/turn               (no ring)

@: about to teleport
A: magic shield, magic regeneration
a: no special abilities


You were in an ossuary.
You were not hungry.

You visited 1 branch of the dungeon, and saw 4 of its levels.
You also visited: Ossuary.

You collected 153 gold pieces.

Inventory:

Hand Weapons
 d - a +0 short sword
 i - a +0 mace
 r - a +0 blowgun
 u - a +0 quarterstaff (weapon)
Missiles
 b - 2 throwing nets (quivered)
 g - 50 bolts
 h - 81 stones
 j - 3 needles of sleeping
 m - 22 sling bullets
 o - 30 poisoned needles
Armour
 a - a cursed +0 leather armour (worn)
 c - a +0 ring mail
 k - a +0 cloak (worn)
 s - +0 fire dragon scales
Jewellery
 l - an uncursed ring of flight {unknown}
Comestibles
 f - 4 bread rations
 n - 7 chunks of flesh
 p - 2 meat rations
 q - 7 fruits


   Skills:
 * Level 5.1 Fighting
 - Level 1.0 Short Blades
 - Level 1.0 Maces & Flails
 * Level 2.2 Armour
 * Level 2.7 Dodging
   Level 1.7 Shields


You had 3 spell levels left.
You didn't know any spells.

Dungeon Overview and Level Annotations

Branches:
Dungeon (4/15)
 Temple: D:4-7

Altars:
Ashenzari
Cheibriados
Fedhas
Hepliaklqana
Nemelex Xobeh
Xom
Yredelemnul

Annotations:
D:3 Blackbelt's ghost, amateur HuCK


Innate Abilities, Weirdness & Mutations

When hurt, damage is shared between your health and your magic reserves.
You regenerate magic rapidly.


Message History

You are too injured to fight recklessly!
You are too injured to fight recklessly!
Okay, then.
You aren't carrying any potions.
Unknown command.
As you read the scroll of teleportation, it crumbles to dust.
You feel strangely unstable. The jackal zombie barely misses you.
The jackal zombie bites you but does no damage.
The elf zombie hits you.
* * * LOW HITPOINT WARNING * * *
The jackal zombie bites you but does no damage.
The elf zombie hits you but does no damage.
The gnoll zombie closely misses you. The human zombie completely misses you.
You hit the elf zombie.
The elf zombie is moderately damaged.
The jackal zombie barely misses you. The jackal zombie closely misses you.
The jackal zombie bites you.
* * * LOW HITPOINT WARNING * * *
The gnoll zombie hits you.
You die...

.....#####.....
................
................
...............#
...............#
................
......ZZZ.......
.....ZZ@ZZ......
......ZZZ.......
.......Z........
.......∩........
................
................
...............#
...............#
................


You could see 3 jackal zombies, a hobgoblin zombie, 2 gnoll zombies, a kobold
zombie, 3 elf zombies and a human zombie.

Vanquished Creatures
  A howler monkey (D:4)
  2 adders
  An adder zombie (Ossuary)
  3 worms
  2 dart slugs (D:2)
  2 leopard geckos (D:1)
  3 orcs (D:3)
  2 giant cockroaches (D:1)
  6 goblins
  9 hobgoblins
  2 jackals (D:1)
  13 kobolds
  A ball python (D:3)
  4 bats
  2 frilled lizards
  4 rats
57 creatures vanquished.

Notes
Turn   | Place    | Note
-------+----------+-------------------------------------------
     0 | D:1      | Chiseanne the Demonspawn Wanderer began the quest for the Orb.
     0 | D:1      | Chiseanne set off with: a +0 leather armour, 2 throwing nets, a +0 ring mail, a +0 short sword, a bread ration
     0 | D:1      | Reached XP level 1. HP: 19/19 MP: 1/1
     0 | D:1      | wingboner: Well crap.
    12 | D:1      | Chiseanne: crap happens
    28 | D:1      | wingboner: That it does.
   176 | D:1      | Gained mutation: When hurt, damage is shared between your health and your magic reserves. [demonic ancestry]
   176 | D:1      | Reached XP level 2. HP: 20/25 MP: 2/2
   264 | D:1      | wingboner: That character looked like The Ginosaji for me.
   285 | D:1      | wingboner: But it didn't live up to the fame.
   285 | D:1      | Chiseanne: like what?
   308 | D:1      | wingboner: https://www.youtube.com/watch?v=9VDvgL58h_Y
   308 | D:1      | Chiseanne: LAWL
   308 | D:1      | Chiseanne: hes got a spoon - but it hurts like hell
   308 | D:1      | wingboner: This got a couple of sequells, almost that good too.
   308 | D:1      | Chiseanne: haha thats hillarious
   308 | D:1      | wingboner: The links are in the description.
   308 | D:1      | wingboner: Yeah, I love it.
   308 | D:1      | Chiseanne: SHTOP IT!
   308 | D:1      | Chiseanne: and we will never know why it is doing it
   308 | D:1      | Chiseanne: 9 hours! Jesus!
   308 | D:1      | Chiseanne: hehe nice one
   797 | D:1      | Reached skill level 1 in Armour
  1075 | D:1      | Gained mutation: You regenerate magic rapidly. [demonic ancestry]
  1075 | D:1      | Reached XP level 3. HP: 31/31 MP: 3/3
  1203 | D:2      | wingboner: I'm glad you liked it.
  1469 | D:1      | wingboner: That's the first thing that jumps to mind when a demon is fighting with a -1 mace.
  1469 | D:1      | Chiseanne: :D
  1469 | D:1      | Chiseanne: ok now I got it
  1469 | D:1      | Chiseanne: imagine how the goblins must feel
  1715 | D:2      | Found a shimmering altar of Xom.
  1716 | D:2      | Found a hazy altar of Hepliaklqana.
  1716 | D:2      | Noticed a hell beast
  1717 | D:2      | Noticed a spectral ugly thing
  1717 | D:2      | Noticed a hell beast
  1897 | D:2      | wingboner: Well, he managed to beat you with a spoon of his own (didn't go that well in the video...)
  1927 | D:2      | Found a snail-covered altar of Cheibriados.
  1929 | D:2      | Found a shattered altar of Ashenzari.
  1934 | D:2      | Found a sparkling altar of Nemelex Xobeh.
  1935 | D:2      | Found a basalt altar of Yredelemnul.
  1939 | D:2      | Found a blossoming altar of Fedhas.
  1945 | D:2      | Chiseanne: now I wish I could find a spoon in this game
  2236 | D:2      | wingboner: Hehe.
  2286 | D:3      | Reached XP level 4. HP: 6/38 MP: 2/4
  2666 | D:3      | Noticed Blackbelt's ghost (amateur HuCK)
  3033 | D:4      | wingboner: +29 outside... Praise engineers for air conditioning.
  3043 | D:4      | Reached skill level 5 in Fighting
  3080 | D:4      | wingboner: Yay, minitomb.
  3080 | D:4      | Chiseanne: I wish I had one..not atm tho..we are having more like 15 and its raining all day long
  3080 | D:4      | Chiseanne: dunno..this summer sucks
  3080 | D:4      | Chiseanne: chilly air...we had a couple of beautiful day but mostly it is raining and way too cold
  3086 | D:4      | wingboner: Well, mine's cheap, ~$200, installation and an optional draining tube included.
  3095 | D:4      | Found a sand-covered staircase.
  3099 | D:4      | wingboner: But it does its job.
  3099 | D:4      | Chiseanne: sounds awesome
  3100 | Ossuary  | Entered an ossuary
  3110 | Ossuary  | Slain by a gnoll zombie

Skill      XL: |  1  2  3  4 |
---------------+-------------+-----
Dodging        | 2 |  2.7
Armour         | 1 2 |  2.2
Fighting       | 5 |  5.1
Short Blades   | |  1.0
Maces & Flails | |  1.0
Shields        | |  1.7

Action                   |  1- 3 |  4- 6 || total
-------------------------+-------+-------++-------
Melee: Short sword       |   150 |       ||   150
       Mace              |    48 |     8 ||    56
       Quarterstaff      |       |    21 ||    21
  Use: Scroll            |     4 |     4 ||     8
       Potion            |     1 |       ||     1
 Stab: Distracted        |       |     1 ||     1
       Sleeping          |       |     1 ||     1
  Eat: Chunk             |     3 |     4 ||     7
Armor: Ring mail         |    34 |       ||    34
       Leather armour    |    24 |    20 ||    44
Dodge: Dodged            |   143 |    46 ||   189
